 Dungeon Crawl Stone Soup version 0.26-a0-682-g294304f6e8 (webtiles) character file.

Game seed: 14659210350784862597

4706 grandjackal the Fighter (level 10, -1/82 HPs)
             Began as a Demonspawn Gladiator on Oct 21, 2020.
             Was an Initiate of Nemelex Xobeh.
             Slain by a wight
             ... wielding a cursed +0 halberd
              (9 damage)
             ... on level 9 of the Dungeon.
             The game lasted 00:18:31 (12864 turns).

grandjackal the Fighter (Demonspawn Gladiator)     Turns: 12864, Time: 00:18:32

Health: -1/82      AC:  8    Str: 21    XL:     10   Next: 21%
Magic:  10/10      EV: 17    Int: 12    God:    Nemelex Xobeh [......]
Gold:   331        SH: 10    Dex: 16    Spells: 9/9 levels left

rFire    . . .     SeeInvis .   a - +0 long sword
rCold    . . .     Faith    .   y - +0 buckler
rNeg     . . .     Spirit   .   G - +2 leather armour "Qippumn" {Str+4}
rPois    .         Reflect  +   (helmet restricted)
rElec    .         Harm     .   w - +0 cloak
rCorr    .         Rampage  .   (no gloves)
MR       ++...                  (no boots)
Stlth    +.........             D - amulet of reflection
HPRegen  0.23/turn              F - ring of the Mage {Wiz MR++ Int+3}
MPRegen  0.12/turn              (no ring)

@: lethally poisoned (-1 -> -1), berserk cooldown, slowed, very slow
A: antennae 2, slimy green scales 1
a: Draw Escape, Draw Destruction, Draw Summoning, Renounce Religion


You were on level 9 of the Dungeon.
You worshipped Nemelex Xobeh.
Nemelex Xobeh was noncommittal.
You visited 2 branches of the dungeon, and saw 10 of its levels.

You collected 492 gold pieces.
You spent 161 gold pieces at shops.

Inventory:

Hand Weapons
 a - a +0 long sword (weapon)
 E - a +2 dagger of venom
 H - a +2 dagger of chaos
Missiles
 d - 3 throwing nets
 f - 2 javelins
 r - 22 poisoned darts (quivered)
Armour
 w - a +0 cloak (worn)
 y - a +0 buckler (worn)
 G - the +2 leather armour "Qippumn" (worn) {Str+4}
   (You bought it in a shop on level 6 of the Dungeon)

   It affects your strength (+4).
Jewellery
 D - an amulet of reflection (around neck)
 F - the ring of the Mage (left hand) {Wiz MR++ Int+3}
   (You found it on level 6 of the Dungeon)

   [ring of wizardry]

   It improves your spell success rate.
   It affects your intelligence (+3).
   It affects your resistance to hostile enchantments.
Wands
 n - a wand of flame (31)
 C - a wand of acid (9)
 I - a wand of polymorph (5)
 K - a wand of paralysis (13)
Scrolls
 c - a scroll of magic mapping
 e - 6 scrolls of teleportation {unknown}
 g - 3 scrolls of amnesia {unknown}
 i - a scroll of fear {unknown}
 k - 8 scrolls of remove curse {unknown}
 l - 2 scrolls of enchant armour {unknown}
 m - 3 scrolls of fog {unknown}
 t - 3 scrolls of enchant weapon {unknown}
 v - a scroll of immolation
 B - a scroll of blinking
 J - a scroll of random uselessness {unknown}
Potions
 b - a potion of flight
 h - 2 potions of curing
 j - a potion of stabbing
 o - 2 potions of heal wounds
 q - a potion of might
 s - 3 potions of resistance
 u - a potion of cancellation
 x - 2 potions of lignification
 z - 2 potions of haste
 A - 2 potions of mutation


   Skills:
 + Level 8.4 Fighting
 + Level 8.0 Long Blades
 - Level 1.7 Throwing
 + Level 8.0 Dodging
 - Level 4.5 Shields
 + Level 1.3 Invocations


You had 9 spell levels left.
You didn't know any spells.
Your spell library contained the following spells:

 Spells                   Type           Power        Failure   Level
 Animate Skeleton         Necr           #.....       16%         1
 Pain                     Necr           #...         16%         1
 Vampiric Draining        Necr           #.........   41%         3
 Animate Dead             Necr           #.........   80%         4
 Agony                    Necr           #.......     98%         5


Dungeon Overview and Level Annotations

Branches:
Dungeon (9/15)             Temple (1/1) D:4
   Lair: D:8-11         Orc: D:9-12

Altars:
Ashenzari
Cheibriados
Dithmenos
Elyvilon
Fedhas
Gozag
Hepliaklqana
Kikubaaqudgha
Makhleb
Nemelex Xobeh
Okawaru
Qazlal
Ru
Sif Muna
Trog
Uskayaw
Vehumet
Wu Jian
Xom
Yredelemnul
Zin
The Shining One
Beogh

Shops:
D:6 [}=

Annotations:
D:3 3 runed translucent doors, TigOlBitties's ghost, amateur DEAE


Innate Abilities, Weirdness & Mutations

You have a pair of antennae on your head.
You are partially covered in slimy green scales. (AC +2)


Message History

Unknown command.
Unknown command.
You miss the killer bee.
The killer bee is almost dead.
You feel sick. The killer bee completely misses you.
You riposte.
You slash the killer bee!
You kill the killer bee!
Your Long Blades skill increases to level 8!
Your Dodging skill increases to level 8!
The wight hits you but does no damage.
You feel sick.
You see here a killer bee corpse.
You feel sick. You block the wight's attack.
You feel sick. The wight barely misses you. The wight completely misses you.
You riposte.
You hit the wight.
The wight is lightly damaged.
You feel sick.
The wight hits you from afar with a cursed +0 halberd!
You die...
Your body disappears without a glow.

......###'######
........>.....#....#
...............#....#
...............'....+
.............)†#....#
.......(.....(.#....#
..)..........†.#....#
..........z....#....#
........@......#....#
+###..<##....##.##.#
########### ## .# {


You could see a wight.

Vanquished Creatures
  A two-headed ogre (D:8)
  Pikel (D:4)
  Psyche (D:8)
  Grinder (D:4)
  A water moccasin (D:8)
  2 ice beasts
  2 orc warriors
  2 ogres
  A phantom (D:8)
  2 lemures (D:3)
  3 centaurs
  3 bullfrogs
  A wyvern skeleton (D:8)
  9 wights
  5 killer bees (D:9)
  A howler monkey (D:5)
  A centaur zombie (D:4)
  3 bullfrog zombies (D:4)
  A jelly (D:6)
  4 hounds
  6 orc priests
  8 orc wizards
  A centaur skeleton (D:8)
  Jessica (D:2)
  A bullfrog skeleton (D:4)
  2 worker ants
  3 hound skeletons
  A hound zombie (D:4)
  2 worker ant zombies (D:4)
  11 adders
  4 gnolls (D:6)
  A shadow imp (D:8)
  2 white imps
  An ufetubus (D:6)
  4 oozes
  2 adder zombies (D:4)
  2 adder skeletons
  3 worms
  4 dart slugs
  6 leopard geckos
  32 orcs
  10 bats
  9 giant cockroaches
  11 goblins
  15 hobgoblins
  17 jackals
  7 kobolds
  5 quokkas
  A ball python (D:3)
  3 frilled lizards
  A leopard gecko skeleton (D:4)
  A quokka zombie (D:4)
  9 rats
231 creatures vanquished.

Vanquished Creatures (others)
  4 withered plants (D:4)
4 creatures vanquished.

Grand Total: 235 creatures vanquished

Notes
Turn   | Place    | Note
-------+----------+-------------------------------------------
     0 | D:1      | grandjackal the Demonspawn Gladiator began the quest for
                  | the Orb.
     0 | D:1      | Reached XP level 1. HP: 16/16 MP: 1/1
   224 | D:1      | Gained mutation: You have a pair of small antennae on your
                  | head. [demonic ancestry]
   224 | D:1      | Reached XP level 2. HP: 14/22 MP: 2/2
   796 | D:1      | Reached XP level 3. HP: 19/28 MP: 3/3
  1661 | D:2      | Found a faded altar of an unknown god.
  1810 | D:2      | Noticed Jessica
  1825 | D:2      | Killed Jessica
  1825 | D:2      | Reached XP level 4. HP: 19/35 MP: 4/4
  2779 | D:3      | Gained mutation: You are partially covered in slimy green
                  | scales. (AC +2) [demonic ancestry]
  2779 | D:3      | Reached XP level 5. HP: 17/41 MP: 5/5
  3441 | D:3      | Found a runed translucent gate.
  3441 | D:3      | Found a runed translucent gate.
  3441 | D:3      | Found a runed translucent gate.
  3441 | D:3      | Noticed TigOlBitties's ghost (amateur DEAE)
  4056 | D:3      | Reached XP level 6. HP: 48/48 MP: 6/6
  4616 | D:3      | Found a roughly hewn altar of Beogh.
  5209 | D:4      | Noticed Pikel
  5656 | D:4      | Found a staircase to the Ecumenical Temple.
  5745 | D:4      | Reached XP level 7. HP: 51/55 MP: 7/7
  5798 | D:5      | Entered Level 5 of the Dungeon
  6430 | D:4      | Reached skill level 5 in Dodging
  6432 | D:4      | Reached skill level 5 in Fighting
  6432 | D:4      | Reached skill level 5 in Long Blades
  6679 | D:4      | Noticed Grinder
  6699 | D:4      | Paralysed by Grinder for 5 turns
  6711 | D:4      | Killed Grinder
  6972 | D:4      | Killed Pikel
  6972 | D:4      | Gained mutation: You have a pair of antennae on your head.
                  | [demonic ancestry]
  6972 | D:4      | Reached XP level 8. HP: 18/64 MP: 8/8
  7525 | Temple   | Entered the Ecumenical Temple
  8277 | D:5      | Reached skill level 1 in Shields
  8456 | D:6      | HP: 3/65 [centaur (7)]
  8907 | D:6      | Found Kumaw's Gadget Shop.
  8930 | D:6      | Reached XP level 9. HP: 46/71 MP: 9/9
  8975 | D:6      | HP: 3/71 [poisoned by an orc]
  8981 | D:6      | HP: 3/71 [poisoned by an orc]
  8989 | D:6      | HP: 2/71 [poisoned by an orc]
  9509 | D:6      | Found the ring of the Mage {Wiz MR++ Int+3}
  9987 | D:6      | Found Riwir's Jewellery Shop.
 10062 | D:6      | Found Buoraur's Antique Armour Shop.
 10250 | D:6      | Bought a bloodstained leather armour for 161 gold pieces
 10260 | D:6      | Identified the +2 leather armour "Qippumn" {Str+4} (You
                  | bought it in a shop on level 6 of the Dungeon)
 10760 | D:7      | Found an opulent altar of Gozag.
 11487 | D:8      | Noticed Psyche
 11499 | D:8      | Killed Psyche
 11925 | D:8      | Noticed a two-headed ogre
 11943 | D:8      | Killed a two-headed ogre
 11943 | D:8      | Reached XP level 10. HP: 43/80 MP: 10/10
 12673 | Temple   | Became a worshipper of Nemelex Xobeh the Trickster
 12843 | D:9      | Reached skill level 1 in Invocations
 12864 | D:9      | Slain by a wight

Illustrated notes

Levels and vault maps discovered:
D:1:      psy_arrival_statuary, layout_basic
D:2:      minmay_evil_eye, layout_loops_ring,
          chequers_ecumenical_altar_simple_redux, kennysheep_jessica_study
D:3:      layout_loops_ring, gammafunk_ghost_necromancy, kennysheep_orc_chapel
D:4:      layout_rooms, minmay_temple_entry_from_below_a, serial_undead,
          serial_undead_f, serial_undead_b, serial_undead_e, serial_undead_b,
          serial_undead_d, uniq_pikel, uniq_grinder
D:5:      layout_loops_ring, chequers_serial_rivers_large_a
D:6:      layout_rooms, serial_shops, nicolae_shop_trees, shop,
          nicolae_shop_trees
D:7:      layout_loops_cross, lemuel_crystal_altar
D:8:      layout_loops_ring, grunt_decor_mini_mirrors, due_unseen_surprise,
          uniq_psyche
D:9:      layout_stronghold, kennysheep_cross_room, minmay_shop_mayhem
Temple:   kilobyte_greek_temple

Skill      XL: |  1  2  3  4  5  6  7  8  9 10 |
---------------+-------------------------------+-----
Dodging        | 3 4 6 7 8 |  8.0
Long Blades    | 3 4 6 7 8 |  8.0
Fighting       | 3 4 6 8 |  8.4
Shields        | 2 4 |  4.5
Invocations    | 1 |  1.3
Throwing       | |  1.7

Action                   |  1- 3 |  4- 6 |  7- 9 | 10-12 || total
-------------------------+-------+-------+-------+-------++-------
Melee: Long sword        |   125 |   250 |   521 |    51 ||   947
Throw: Dart              |       |     1 |    27 |     5 ||    33
       Throwing net      |       |       |     1 |       ||     1
Evoke: Wand              |       |       |     9 |       ||     9
  Use: Scroll            |       |       |    12 |     2 ||    14
       Potion            |       |       |     1 |     2 ||     3
 Stab: Sleeping          |     2 |     4 |     1 |       ||     7
       Distracted        |       |       |     1 |       ||     1
       Held in net/web   |       |       |     1 |       ||     1
Armor: Leather armour    |    38 |    66 |   134 |    18 ||   256
Dodge: Dodged            |   107 |   201 |   426 |    86 ||   820
Block: Other             |       |       |    27 |     7 ||    34
       Buckler           |       |       |       |    49 ||    49
       Reflection        |       |       |       |     1 ||     1
       Rpst.: Long sword |    30 |    67 |   133 |    21 ||   251

Table legend: (Time is in decaauts)
 A = Elapsed time spent in this place.
 B = Non-inter-level travel time spent in this place.
 C = Inter-level travel time spent in this place.
 D = Time resting spent in this place.
 E = Time spent auto-exploring this place.
 F = Levels seen in this place.
 G = Mean time per level.
                   A        B        C        D        E       F      G
               +--------+--------+--------+--------+--------+-----+--------+
         Total |  13046 |  12609 |    437 |   5136 |   5084 |  10 | 1304.6 |
       Dungeon |  12892 |  12527 |    365 |   5136 |   5084 |   9 | 1432.4 |
        Temple |    153 |     81 |     72 |      0 |      0 |   1 |  153.0 |
               +--------+--------+--------+--------+--------+-----+--------+

Top non-repeatable levels by time:
     D:2: 2243 daAuts
     D:5: 2019 daAuts
     D:3: 1989 daAuts
     D:6: 1563 daAuts
     D:4: 1487 daAuts
     D:1: 1284 daAuts
     D:8: 1195 daAuts
     D:7: 1051 daAuts
  Temple: 153 daAuts
     D:9: 57 daAuts
